 Dungeon Crawl Stone Soup version 0.19.0-19-g8c6edcc (webtiles) character file.

231 Melicamp the Destroyer (level 6, -9/32 HPs)
             Began as a Tengu Conjurer on Nov 13, 2016.
             Killed by divine providence
             ... invoked by an orc priest
              (15 damage)
             ... on level 4 of the Dungeon.
             The game lasted 00:18:45 (3945 turns).

Melicamp the Destroyer (Tengu Conjurer)             Turns: 3945, Time: 00:18:46

Health: -9/32      AC:  4    Str:  9    XL:     6   Next: 4%
Magic:  1/10       EV: 14    Int: 17    God:
Gold:   201        SH:  0    Dex: 14    Spells: 2 memorised, 4 levels left

rFire  . . .     SeeInvis .     g - +0 dagger
rCold  . . .     Gourm    .     a - +1 robe
rNeg   . . .     Faith    .     (no shield)
rPois  .         Spirit   .     (helmet restricted)
rElec  .         Reflect  .     (no cloak)
rCorr  .         Harm     .     i - +0 pair of gloves
MR     .....                    (boots unavailable)
Stlth  ++........               (no amulet)
                                (no ring)
                                (no ring)

@: no status effects
A: beak, talons 3, able to fly 1
a: Fly


You were on level 4 of the Dungeon.
You were hungry.

You visited 1 branch of the dungeon, and saw 4 of its levels.

You collected 201 gold pieces.

Inventory:

Hand Weapons
 g - a +0 dagger (weapon)
 p - a +0 fustibalus
Armour
 a - a +1 robe (worn)
 i - a +0 pair of gloves (worn)
Scrolls
 h - 2 scrolls of identify
 n - a scroll of magic mapping {unknown}
Potions
 d - 2 potions of flight {unknown}
 e - 2 potions of degeneration {unknown}
 f - a potion of might {unknown}
 j - 4 potions of curing {unknown}
 l - 3 potions of heal wounds {unknown}
 o - a potion of agility {unknown}
Books
 b - a book of Conjurations

   Spells                             Type                      Level
   a - Magic Dart                     Conjuration                  1
   b - Searing Ray                    Conjuration                  2
   c - Dazzling Spray                 Conjuration/Hexes            3
   d - Fulminant Prism                Conjuration/Hexes            4
   e - Iskenderun's Mystic Blast      Conjuration                  4
   f - Iskenderun's Battlesphere      Conjuration/Charms           5
Comestibles
 c - 5 bread rations
 k - a slice of pizza
 m - 4 fruits


   Skills:
 * Level 4.3 Dodging
 - Level 2.0 Stealth
 - Level 2.0 Spellcasting
 - Level 8.1 Conjurations


You had 4 spell levels left.
You knew the following spells:

 Your Spells              Type           Power        Failure   Level  Hunger
a - Magic Dart            Conj           ####         1%          1    #......
b - Iskenderun's Mystic   Conj           ####....     10%         4    #####..


Dungeon Overview and Level Annotations

Branches:
Dungeon (4/15)
 Temple: D:4-7

Altars:

Annotations:
D:2 Sigmund


Innate Abilities, Weirdness & Mutations

You have a beak for a mouth.
You have claws for feet.
You can fly.


Message History

* * * LOW HITPOINT WARNING * * *
Casting: Magic Dart
Confirm with . or Enter, or press ? or * to list all spells.
Aiming: Magic Dart
Press: ? - help, Shift-Dir - straight line, f/p - orc priest
Aim: an orc priest, wielding a trident and wearing a leather armour (heavily wounded)
The magic dart hits the orc priest.
The orc priest is heavily wounded.
The orc priest closely misses you. The orc priest closely misses you.
An ogre comes into view. It is wielding a giant club.
Casting: Magic Dart
Confirm with . or Enter, or press ? or * to list all spells.
You don't have enough magic to cast that spell.
The orc priest closely misses you.
The orc priest hits you but does no damage.
The orc priest closely misses you.
The orc priest mumbles some strange prayers to Beogh against you.
Beogh smites you!
You die...

..# ..##.... # ##.##
#....... ##. ##...##
#....### ##...####.....#
##...## #
#..........#...##....#
#.######..o###........# #
##..# #.......# #
#..#####......# #
##@.......##...###.
##..#.....####..##..
#####..####..## ###....
##.##..## ##.# ##...
#..#..## #..# ##...
###...# ##.## ##....
#..##.## #..## #...##
######.####...######..###
##.##....?......## #


You could see an orc priest.

Vanquished Creatures
  A hound (D:4)
  An orc wizard (D:4)
  A worker ant (D:4)
  5 adders
  An adder skeleton (D:4)
  2 worms (D:2)
  3 dart slugs (D:1)
  4 leopard geckos
  8 orcs
  5 giant cockroaches
  6 goblins
  6 hobgoblins
  5 jackals
  2 quokkas (D:3)
  8 bats
  7 frilled lizards
  6 kobolds
  12 rats
83 creatures vanquished.

Notes
Turn   | Place    | Note
-------+----------+-------------------------------------------
     0 | D:1      | Melicamp the Tengu Conjurer began the quest for the Orb.
     0 | D:1      | Reached XP level 1. HP: 10/10 MP: 4/4
   192 | D:1      | Reached XP level 2. HP: 15/15 MP: 0/6
   259 | D:1      | Reached skill level 6 in Conjurations
   773 | D:1      | Reached XP level 3. HP: 12/19 MP: 4/7
  1414 | D:2      | Noticed Sigmund
  1567 | D:2      | Reached skill level 7 in Conjurations
  1819 | D:2      | Reached XP level 4. HP: 24/24 MP: 1/8
  1883 | D:2      | Learned a level 4 spell: Iskenderun's Mystic Blast
  2553 | D:3      | Reached skill level 8 in Conjurations
  2631 | D:3      | Gained mutation: You can fly. [Tengu growth]
  2631 | D:3      | Reached XP level 5. HP: 28/28 MP: 1/9
  3901 | D:4      | Reached XP level 6. HP: 32/32 MP: 4/10
  3945 | D:4      | Killed from afar by an orc priest

Skill      XL: |  1  2  3  4  5 |
---------------+----------------+-----
Conjurations   | 6 7 8 |  8.1
Dodging        | 4 |  4.3
Stealth        | |  2.0
Spellcasting   | |  2.0

Action                   |  1- 3 |  4- 6 || total
-------------------------+-------+-------++-------
Melee: Unarmed           |     5 |       ||     5
       Dagger            |     7 |    28 ||    35
       Peck              |     2 |     5 ||     7
       Kick              |     1 |     8 ||     9
 Cast: Magic Dart        |    68 |    89 ||   157
       Iskenderun's Myst |       |     5 ||     5
  Use: Scroll            |     6 |     1 ||     7
  Eat: Chunk             |     2 |     8 ||    10
       Pizza             |     1 |       ||     1
       Fruit             |       |     1 ||     1
Armor: Robe              |    11 |    17 ||    28
Dodge: Dodged            |    20 |    41 ||    61
